EVO
CLEMSON UNIVERSITY TIGERS @ WASHINGTON STATE UNIVERSITY COUGARS
11/26/2046
 
TOP OF THE 1ST
Clemson University Tigers batting - Pitching for Washington State University Cougars : LHP Seth Shaw
Pitching: LHP Seth Shaw
Batting: RHB Ryan Thurston 0-0: Ball
1-0: Called Strike
1-1: TRIPLE (Line Drive, 89XD, EV 106.9 MPH)
Batting: LHB Jayden Pelayo 0-0: Ball
1-0: Called Strike
1-1: Ball
2-1: Foul Ball, location: 2F
2-2: Ball
3-2: Ground out 4-3 (Groundball, 4, EV 95.6 MPH)
Ryan Thurston scores
Batting: RHB Chris Prinzing 0-0: Ball
1-0: Called Strike
1-1: Fly out, F7 (Line Drive, 78M, EV 103.8 MPH)
Batting: SHB Jose Santiago 0-0: Foul Ball, location: 2F
0-1: Ball
1-1: Foul Ball, location: 2F
1-2: Strikes out looking
Top of the 1st over - 1 run, 1 hit, 0 errors, 0 left on base; Clemson University 1 - Washington State University 0
BOTTOM OF THE 1ST
Washington State University Cougars batting - Pitching for Clemson University Tigers : RHP Richard Clements
Pitching: RHP Richard Clements
Batting: LHB Randolph Brodbeck 0-0: Ball
1-0: Called Strike
1-1: Ground out 4-3 (Groundball, 34, EV 80.0 MPH)
Batting: RHB Noe Oliva 0-0: Fly out, F8 (Flyball, 8LXD, EV 101.9 MPH)
Batting: RHB Rich Griffith 0-0: Called Strike
0-1: Fly out, F8 (Flyball, 89M, EV 83.8 MPH)
Bottom of the 1st over - 0 runs, 0 hits, 0 errors, 0 left on base; Clemson University 1 - Washington State University 0
TOP OF THE 2ND
Clemson University Tigers batting - Pitching for Washington State University Cougars : LHP Seth Shaw
Batting: RHB Josh LeSage 0-0: Ball
1-0: Foul Ball, location: 2F
1-1: Fly out, F7 (Flyball, 7D, EV 103.8 MPH)
Batting: RHB Jorge Alva 0-0: Ground out 5-3 (Groundball, 56S, EV 93.8 MPH)
Batting: LHB Victor Reyna 0-0: Ball
1-0: Foul Ball, location: 2F
1-1: Ball
2-1: Foul Ball, location: 2F
2-2: Foul Ball, location: 2F
2-2: Strikes out looking
Top of the 2nd over - 0 runs, 0 hits, 0 errors, 0 left on base; Clemson University 1 - Washington State University 0
BOTTOM OF THE 2ND
Washington State University Cougars batting - Pitching for Clemson University Tigers : RHP Richard Clements
Batting: RHB Miguel Pacheco 0-0: Swinging Strike
0-1: Foul Ball, location: 2F
0-2: Ball
1-2: Ball
2-2: Ball
3-2: Foul Ball, location: 2F
3-2: Base on Balls
Batting: LHB Jeremy Rideout 0-0: Ball
1-0: Foul Ball, location: 2F
1-1: Ball
2-1: SINGLE (Line Drive, 89S, EV 104.4 MPH)
Miguel Pacheco to second
Batting: RHB Camillo Bonauiti 0-0: Called Strike
0-1: Swinging Strike
0-2: Strikes out swinging
Batting: RHB Wilson Salgado 0-0: Ball
1-0: Ball
2-0: DOUBLE (Line Drive, 78XD, EV 111.9 MPH)
Miguel Pacheco scores
Jeremy Rideout to third
Batting: RHB Eric Kent 0-0: Called Strike
0-1: Ground out 5-3 (Groundball, 56, EV 83.8 MPH)
Jeremy Rideout scores
Batting: RHB Leo Lopez 0-0: Ball
1-0: Ball
2-0: Ball
3-0: Called Strike
3-1: 2-RUN HOME RUN (Flyball, 7LD, EV 92.5 MPH), Distance : 343 ft
Batting: LHB Randolph Brodbeck 0-0: Ball
1-0: Ball
2-0: Ball
3-0: Foul Ball, location: 2F
3-1: Base on Balls
Batting: RHB Noe Oliva 0-0: Called Strike
0-1: Called Strike
0-2: Ball
1-2: Foul Ball, location: 2F
1-2: Strikes out looking
Bottom of the 2nd over - 4 runs, 3 hits, 0 errors, 1 left on base; Clemson University 1 - Washington State University 4
TOP OF THE 3RD
Clemson University Tigers batting - Pitching for Washington State University Cougars : LHP Seth Shaw
Batting: RHB Wayne Watson 0-0: Swinging Strike
0-1: Ball
1-1: SINGLE (Groundball, 4MD, EV 97.5 MPH)
Batting: RHB Donovan Deason 0-0: SINGLE (Line Drive, 4MD, EV 108.1 MPH)
Wayne Watson to second
Batting: RHB Ryan Thurston 0-0: Foul Ball, location: 2F
0-1: Ball
1-1: Ball
2-1: Foul Ball, location: 2F
2-2: Foul Ball, location: 2F
2-2: Fly out, F9 (Flyball, 89M, EV 97.5 MPH)
Batting: LHB Jayden Pelayo 0-0: Ball
1-0: Ball
2-0: Ball
3-0: Base on Balls
Wayne Watson to third
Donovan Deason to second
Batting: RHB Chris Prinzing 0-0: Ball
1-0: Foul Ball, location: 2F
1-1: Fielders Choice at 2nd, 3-6 (Groundball, 34, EV 87.5 MPH)
Wayne Watson scores
Donovan Deason to third
Batting: SHB Jose Santiago 0-0: Foul Ball, location: 2F
0-1: Swinging Strike
0-2: Ball
1-2: Ball
2-2: Foul Ball, location: 2F
2-2: Ground out 1-3 (Groundball, 13S, EV 67.5 MPH)
Top of the 3rd over - 1 run, 2 hits, 0 errors, 2 left on base; Clemson University 2 - Washington State University 4
BOTTOM OF THE 3RD
Washington State University Cougars batting - Pitching for Clemson University Tigers : RHP Richard Clements
Batting: RHB Rich Griffith 0-0: Ball
1-0: Ball
2-0: Called Strike
2-1: Foul Ball, location: 2F
2-2: Ground out 4-3 (Groundball, 4MD, EV 86.2 MPH)
Batting: RHB Miguel Pacheco 0-0: Foul Ball, location: 2F
0-1: SOLO HOME RUN (Flyball, 89XD, EV 113.8 MPH), Distance : 433 ft
Batting: LHB Jeremy Rideout 0-0: Foul Ball, location: 2F
0-1: Ball
1-1: Swinging Strike
1-2: Foul Ball, location: 2F
1-2: Foul Ball, location: 2F
1-2: Foul Ball, location: 2F
1-2: SINGLE (Line Drive, 8LS, EV 113.8 MPH)
Pitching: RHP A.J. Newman
Batting: RHB Camillo Bonauiti 0-0: Fly out, F8 (Flyball, 78S, EV 88.1 MPH)
Batting: RHB Wilson Salgado 0-0: Swinging Strike
0-1: SINGLE (Groundball, 34D, EV 99.4 MPH)
Jeremy Rideout to second
Batting: RHB Eric Kent 0-0: Called Strike
0-1: Fly out, F8 (Flyball, 78D, EV 103.1 MPH)
Bottom of the 3rd over - 1 run, 3 hits, 0 errors, 2 left on base; Clemson University 2 - Washington State University 5
TOP OF THE 4TH
Clemson University Tigers batting - Pitching for Washington State University Cougars : LHP Seth Shaw
Batting: RHB Josh LeSage 0-0: Ball
1-0: Called Strike
1-1: Swinging Strike
1-2: Ball
2-2: Ball
3-2: SINGLE (Line Drive, 6D, EV 94.4 MPH)
Batting: RHB Jorge Alva 0-0: Ball
1-0: Called Strike
1-1: Ball
2-1: Fly out, F6 (Popup, 6D, EV 72.5 MPH)
Batting: LHB Victor Reyna 0-0: Called Strike
Josh LeSage is caught stealing 2nd base 2-6
0-1: Ball
1-1: Ball
2-1: Ground out 1-3 (Groundball, P, EV 61.9 MPH)
Top of the 4th over - 0 runs, 1 hit, 0 errors, 0 left on base; Clemson University 2 - Washington State University 5
BOTTOM OF THE 4TH
Washington State University Cougars batting - Pitching for Clemson University Tigers : RHP A.J. Newman
Batting: RHB Leo Lopez 0-0: Ball
1-0: Ball
2-0: Ball
3-0: Base on Balls
Batting: LHB Randolph Brodbeck 0-0: Foul Ball, location: 2F
0-1: Fly out, F8 (Flyball, 8LS, EV 86.9 MPH)
Batting: RHB Noe Oliva 0-0: Ball
1-0: Ball
2-0: Ball
3-0: Called Strike
3-1: Base on Balls
Leo Lopez to second
Batting: RHB Rich Griffith 0-0: Called Strike
0-1: Foul Ball, location: 2F
0-2: Foul Ball, location: 2F
0-2: Ball
1-2: Foul Ball, location: 2F
1-2: Ball
2-2: Ball
3-2: SINGLE (Groundball, 6MD, EV 97.5 MPH)
Leo Lopez to third
Noe Oliva to second
Runner from 3rd tries for Home, SAFE, throw by CF to home
Batting: RHB Miguel Pacheco 0-0: Ball
1-0: Grounds into double play, 4-6-3 (Groundball, 4, EV 88.8 MPH)
Bottom of the 4th over - 1 run, 1 hit, 0 errors, 1 left on base; Clemson University 2 - Washington State University 6
TOP OF THE 5TH
Clemson University Tigers batting - Pitching for Washington State University Cougars : LHP Seth Shaw
Batting: RHB Wayne Watson 0-0: Ground out 5-3 (Groundball, 56, EV 88.8 MPH)
Batting: RHB Donovan Deason 0-0: Ball
1-0: Ball
2-0: Foul Ball, location: 2F
2-1: Ball
3-1: Foul Ball, location: 2F
3-2: Strikes out swinging
Batting: RHB Ryan Thurston 0-0: Ball
1-0: Called Strike
1-1: Fly out, F7 (Line Drive, 7S, EV 93.1 MPH)
Top of the 5th over - 0 runs, 0 hits, 0 errors, 0 left on base; Clemson University 2 - Washington State University 6
BOTTOM OF THE 5TH
Washington State University Cougars batting - Pitching for Clemson University Tigers : RHP A.J. Newman
Batting: LHB Jeremy Rideout 0-0: Ball
1-0: Ball
2-0: SINGLE (Groundball, 4MD, EV 94.4 MPH)
Batting: RHB Camillo Bonauiti 0-0: Called Strike
0-1: Ball
1-1: SINGLE (Line Drive, 6D, EV 97.5 MPH)
Jeremy Rideout to second
Pitching: RHP Gustavo Carena
Batting: RHB Wilson Salgado 0-0: Ball
1-0: Sac Bunt to 15S - play at third, runner OUT! 1-6
Camillo Bonauiti to second
Batting: RHB Eric Kent 0-0: Foul Ball, location: 2F
0-1: Swinging Strike
0-2: Ball
1-2: Ball
2-2: Grounds into double play, 5-4-3 (Groundball, 56, EV 85.0 MPH)
Bottom of the 5th over - 0 runs, 2 hits, 0 errors, 1 left on base; Clemson University 2 - Washington State University 6
TOP OF THE 6TH
Clemson University Tigers batting - Pitching for Washington State University Cougars : LHP Seth Shaw
Batting: LHB Jayden Pelayo 0-0: Ball
1-0: Ball
2-0: Reached on error, E3 (Groundball, 34, EV 106.9 MPH)
Batting: RHB Chris Prinzing 0-0: Ball
1-0: Ball
2-0: Ball
3-0: Called Strike
3-1: Base on Balls
Jayden Pelayo to second
Pitching: RHP John Stiff
Batting: SHB Jose Santiago 0-0: Called Strike
0-1: Ball
1-1: Called Strike
1-2: Ball
2-2: Foul Ball, location: 2F
2-2: Foul Ball, location: 2F
2-2: Foul Ball, location: 2F
2-2: Strikes out looking
Batting: RHB Josh LeSage 0-0: Ball
1-0: Swinging Strike
1-1: Fielders Choice at 2nd, 4-6 (Groundball, 34, EV 87.5 MPH)
Jayden Pelayo to third
Pinch Hitting: RHB Juan Barela 0-0: Ball
1-0: Ball
2-0: Called Strike
2-1: SINGLE (Line Drive, 9S, EV 93.8 MPH)
Jayden Pelayo scores
Josh LeSage to second
Runner from 2nd tries for 3rd, SAFE, no throw by RF
Batting: LHB Victor Reyna 0-0: Ground out 6-3 (Groundball, 6S, EV 83.8 MPH)
Top of the 6th over - 1 run, 1 hit, 1 error, 2 left on base; Clemson University 3 - Washington State University 6
BOTTOM OF THE 6TH
Washington State University Cougars batting - Pitching for Clemson University Tigers : RHP Gustavo Carena
Now in CF: Jason Duncan
Batting: RHB Leo Lopez 0-0: Fly out, F9 (Flyball, 9, EV 93.1 MPH)
Batting: LHB Randolph Brodbeck 0-0: Called Strike
0-1: Ground out 4-3 (Groundball, 34, EV 76.9 MPH)
Batting: RHB Noe Oliva 0-0: Ball
1-0: Swinging Strike
1-1: Ground out 4-3 (Groundball, 4M, EV 86.9 MPH)
Bottom of the 6th over - 0 runs, 0 hits, 0 errors, 0 left on base; Clemson University 3 - Washington State University 6
TOP OF THE 7TH
Clemson University Tigers batting - Pitching for Washington State University Cougars : RHP John Stiff
Batting: RHB Wayne Watson 0-0: Foul Ball, location: 2F
0-1: Swinging Strike
0-2: Strikes out swinging
Batting: RHB Donovan Deason 0-0: Ball
1-0: Ball
2-0: Foul Ball, location: 2F
2-1: Ground out 3-1 (Groundball, 34, EV 88.8 MPH)
Pitching: RHP Antonio Hernandez
Batting: RHB Ryan Thurston 0-0: Ball
1-0: Ball
2-0: Called Strike
2-1: Foul Ball, location: 2F
2-2: TRIPLE (Line Drive, 78XD, EV 100.0 MPH)
Batting: LHB Jayden Pelayo 0-0: Ball
1-0: Ball
2-0: Ball
3-0: Base on Balls
Batting: RHB Chris Prinzing 0-0: Called Strike
0-1: Ground out 4-3 (Groundball, 4, EV 86.9 MPH)
Top of the 7th over - 0 runs, 1 hit, 0 errors, 2 left on base; Clemson University 3 - Washington State University 6
BOTTOM OF THE 7TH
Washington State University Cougars batting - Pitching for Clemson University Tigers : RHP Gustavo Carena
Pitching: LHP Brian Anderson
Batting: RHB Rich Griffith 0-0: Ground out 6-3 (Groundball, 6D, EV 104.4 MPH)
Batting: RHB Miguel Pacheco 0-0: Ground out 4-3 (Groundball, 4, EV 83.1 MPH)
Batting: LHB Jeremy Rideout 0-0: Ground out U3 (Groundball, 34S, EV 86.9 MPH)
Bottom of the 7th over - 0 runs, 0 hits, 0 errors, 0 left on base; Clemson University 3 - Washington State University 6
TOP OF THE 8TH
Clemson University Tigers batting - Pitching for Washington State University Cougars : RHP Antonio Hernandez
Batting: SHB Jose Santiago 0-0: Ball
1-0: Fly out, F8 (Line Drive, 8RS, EV 91.9 MPH)
Batting: RHB Josh LeSage 0-0: Ball
1-0: Ball
2-0: Ball
3-0: Called Strike
3-1: Foul Ball, location: 2F
3-2: Foul Ball, location: 2F
3-2: Foul Ball, location: 2F
3-2: SOLO HOME RUN (Flyball, 78XD, EV 103.8 MPH), Distance : 435 ft
Batting: RHB Jason Duncan 0-0: Ball
1-0: Called Strike
1-1: Swinging Strike
1-2: Foul Ball, location: 2F
1-2: Foul Ball, location: 2F
1-2: Ground out 5-3 (Groundball, 56, EV 100.0 MPH)
Batting: LHB Victor Reyna 0-0: Ball
1-0: Ball
2-0: SOLO HOME RUN (Flyball, 9D, EV 96.9 MPH), Distance : 387 ft
Batting: RHB Wayne Watson 0-0: Ball
1-0: Called Strike
1-1: Foul Ball, location: 2F
1-2: Ground out U3 (Groundball, 3, EV 88.8 MPH)
Top of the 8th over - 2 runs, 2 hits, 0 errors, 0 left on base; Clemson University 5 - Washington State University 6
BOTTOM OF THE 8TH
Washington State University Cougars batting - Pitching for Clemson University Tigers : LHP Brian Anderson
Pitching: RHP Santos Gonzales
Batting: RHB Camillo Bonauiti 0-0: Ball
1-0: Foul Ball, location: 2F
1-1: Foul Ball, location: 2F
1-2: Fly out, F7 (Flyball, 7D, EV 99.4 MPH)
Batting: RHB Wilson Salgado 0-0: Called Strike
0-1: Ball
1-1: Ball
2-1: Swinging Strike
2-2: Ball
3-2: Foul Ball, location: 2F
3-2: Base on Balls
Batting: RHB Eric Kent 0-0: SINGLE (Line Drive, 89D, EV 104.4 MPH)
Wilson Salgado to second
Batting: RHB Leo Lopez 0-0: Called Strike
0-1: 3-RUN HOME RUN (Flyball, 78XD, EV 111.2 MPH), Distance : 443 ft
Pitching: LHP Salvatore Vasquez
Batting: LHB Randolph Brodbeck 0-0: Ball
1-0: Called Strike
1-1: Ground out 6-3 (Groundball, 6, EV 81.2 MPH)
Batting: RHB Noe Oliva 0-0: Ball
1-0: Fly out, F9 (Flyball, 9S, EV 90.0 MPH)
Bottom of the 8th over - 3 runs, 2 hits, 0 errors, 0 left on base; Clemson University 5 - Washington State University 9
TOP OF THE 9TH
Clemson University Tigers batting - Pitching for Washington State University Cougars : RHP Antonio Hernandez
Pitching: LHP Justin Harrison
Batting: RHB Donovan Deason 0-0: Ball
1-0: SINGLE (Groundball, 34S, EV 67.5 MPH) (infield hit)
Batting: RHB Ryan Thurston 0-0: Foul Ball, location: 2F
0-1: Ball
1-1: Foul Ball, location: 2F
1-2: Grounds out, U3 (Groundball, 3L, EV 100.0 MPH)
Batting: LHB Jayden Pelayo 0-0: Ball
1-0: Ball
2-0: Ball
3-0: Called Strike
3-1: Ground out 4-3 (Groundball, 34, EV 88.1 MPH)
Donovan Deason to third
Batting: RHB Chris Prinzing 0-0: Ball
1-0: Ball
2-0: Ball
3-0: Called Strike
3-1: Base on Balls
Pitching: LHP Travis Joyal
Pinch Hitting: LHB David Mendez 0-0: Ball
1-0: Swinging Strike
1-1: Foul Ball, location: 2F
1-2: Fly out, F7 (Flyball, 7, EV 91.9 MPH)
Top of the 9th over - 0 runs, 1 hit, 0 errors, 2 left on base; Clemson University 5 - Washington State University 9
Tuesday, September 13th , 2022 - OOTP Baseball 23.7 Build 88